 Dungeon Crawl Stone Soup version 0.20.1-1-g8b1a95d (webtiles) character file.

898 vishdafish the Cudgeler (level 7, 0/70 HPs)
             Began as a Troll Berserker on July 12, 2017.
             Was a Priest of Trog.
             Slain by a kobold
             ... wielding a +0 club
              (4 damage)
             ... on level 4 of the Dungeon.
             The game lasted 00:09:00 (3625 turns).

vishdafish the Cudgeler (Troll Berserker)           Turns: 3625, Time: 00:09:03

Health: 0/70       AC:  5    Str: 25 (26) XL:     7   Next: 79%
Magic:  6/6        EV: 11    Int:  2 (3)  God:    Trog [***...]
Gold:   167        SH:  0    Dex: 10 (11) Spells: 6/6 levels left

rFire    . . .     SeeInvis .   u - +2 whip (freeze)
rCold    . . .     Gourm    +   (no shield)
rNeg     . . .     Faith    .   b - +0 animal skin
rPois    .         Spirit   .   (helmet restricted)
rElec    .         Reflect  .   (no cloak)
rCorr    .         Harm     .   (gloves unavailable)
MR       .....                  (boots unavailable)
Stlth    +.........             (no amulet)
Regen    0.7/turn               (no ring)
MPRegen  0.1/turn               (no ring)

@: berserk cooldown, slowed, very slow
A: unfitting armour, claws 3, fast metabolism 3, gourmand, regeneration 1,
shaggy fur 1, tough skin 2
a: Berserk, Trog's Hand, Burn Spellbooks, Renounce Religion


You were on level 4 of the Dungeon.
You worshipped Trog.
Trog was most pleased with you.
You were not hungry.

You visited 1 branch of the dungeon, and saw 4 of its levels.

You collected 167 gold pieces.

Inventory:

Hand Weapons
 a - a +0 mace
 k - a +0 flail
 u - a +2 whip of freezing (weapon)
Missiles
 n - a throwing net (quivered)
Armour
 b - a +0 animal skin (worn)
Wands
 l - a wand of digging (12/24)
 r - a wand of polymorph (3/24)
Scrolls
 d - 3 scrolls of identify {unknown}
 e - a scroll of enchant armour {unknown}
 f - a scroll of magic mapping {unknown}
 g - a scroll of random uselessness {unknown}
 i - 4 scrolls of enchant weapon {unknown}
 m - a scroll of teleportation {unknown}
 o - 2 scrolls of blinking {unknown}
 q - a scroll of immolation {unknown}
Potions
 j - a potion of flight {unknown}
 s - a potion of degeneration
 t - a potion of curing {unknown}
Comestibles
 c - 3 bread rations
 h - 2 meat rations
 p - 2 royal jellies


   Skills:
 + Level 4.1 Fighting
 + Level 6.1 Maces & Flails
 + Level 4.5 Dodging
 + Level 0.8 Stealth
 + Level 0.4 Unarmed Combat


You had 6 spell levels left.
You didn't know any spells.

Dungeon Overview and Level Annotations

Branches:
Dungeon (4/15)
 Temple: D:4-7

Altars:
Cheibriados
Okawaru
Ru
Trog


Innate Abilities, Weirdness & Mutations

You are too large for most types of armour.
You have claws for hands.
Your metabolism is lightning-fast.
You like to eat raw meat.
Your natural rate of healing is unusually fast.
You are covered in fur. (AC +1)
You have very tough skin. (AC +2)


Message History

You closely miss the kobold. The big kobold barely misses you.
The kobold barely misses you.
You whack the big kobold! You freeze the big kobold.
The big kobold is moderately wounded.
The big kobold hits you with a whip.
* * * LOW HITPOINT WARNING * * *
The kobold hits you with a club.
* * * LOW HITPOINT WARNING * * *
You barely miss the kobold. The big kobold hits you with a whip.
* * * LOW HITPOINT WARNING * * *
The kobold barely misses you. The big kobold hits you with a whip.
* * * LOW HITPOINT WARNING * * *
It was a potion of degeneration.
There was something very wrong with that liquid.
You feel weakened.
You feel dopey.
You feel clumsy. The kobold hits you with a club.
* * * LOW HITPOINT WARNING * * *
The big kobold hits you but does no damage.
The kobold hits you with a club.
You die...

#############################
#....#......)#$.............#
#....#.......@K.......K(....#
####....#########K......KK(KK..##
..#(.....#.......K.)########..(..
..'....(.(.......)..# #.K)..
..#......#..........########.....
##....#########).............##
#....#.......)(....(........#
#....#......รท#..............#
#####')#########################


You could see a big kobold and 2 kobolds.

Vanquished Creatures
  An ice beast (D:2)
  A phantom (D:4)
  4 big kobolds (D:4)
  A scorpion (D:4)
  A bullfrog skeleton (D:4)
  An orc wizard (D:3)
  Ijyb (D:4)
  A worker ant (D:3)
  9 gnolls
  9 adders
  3 worms
  4 dart slugs
  9 orcs
  2 ball pythons
  2 giant cockroaches
  8 goblins
  7 hobgoblins
  5 jackals
  25 kobolds
  5 quokkas
  4 bats
  3 frilled lizards
  2 leopard gecko skeletons (D:4)
  9 rats
117 creatures vanquished.

Notes
Turn   | Place    | Note
-------+----------+-------------------------------------------
     0 | D:1      | vishdafish the Troll Berserker began the quest for the Orb.
     0 | D:1      | Reached XP level 1. HP: 22/22 MP: 0/0
   237 | D:1      | Reached XP level 2. HP: 29/29 MP: 1/1
   258 | D:1      | Reached skill level 3 in Maces & Flails
   961 | D:2      | Reached XP level 3. HP: 21/36 MP: 2/2
  1335 | D:1      | Reached XP level 4. HP: 15/44 MP: 3/3
  1450 | D:2      | Found a sacrificial altar of Ru.
  1458 | D:2      | Reached ** piety under Trog
  1549 | D:2      | Found an iron altar of Okawaru.
  1662 | D:2      | Found an iron altar of Okawaru.
  1870 | D:3      | Noticed an ice beast
  1932 | D:2      | Killed an ice beast
  1932 | D:2      | Reached skill level 4 in Maces & Flails
  1932 | D:2      | Reached XP level 5. HP: 53/53 MP: 4/4
  2244 | D:3      | Reached XP level 6. HP: 33/61 MP: 5/5
  2596 | D:3      | Found a snail-covered altar of Cheibriados.
  2877 | D:4      | Noticed Ijyb
  2897 | D:4      | Killed Ijyb
  2897 | D:4      | Reached skill level 5 in Maces & Flails
  2935 | D:4      | Found a bloodstained altar of Trog.
  3243 | D:4      | Reached *** piety under Trog
  3407 | D:4      | Reached XP level 7. HP: 48/68 MP: 6/6
  3439 | D:4      | HP: 3/102 [big kobold/club (5)]
  3441 | D:4      | HP: 1/102 [big kobold/club (3)]
  3598 | D:4      | Reached skill level 6 in Maces & Flails
  3625 | D:4      | Slain by a kobold

Skill      XL: |  1  2  3  4  5  6  7 |
---------------+----------------------+-----
Maces & Flails | 3 4 5 6 |  6.1
Dodging        | 3 4 |  4.5
Fighting       | 3 4 |  4.1
Stealth        | |  0.8
Unarmed Combat | |  0.4

Action                   |  1- 3 |  4- 6 |  7- 9 || total
-------------------------+-------+-------+-------++-------
Melee: Mace              |   110 |       |       ||   110
       Flail             |       |   279 |       ||   279
       Unarmed           |       |    22 |       ||    22
       Whip              |       |    21 |    91 ||   112
       Punch             |       |     1 |     1 ||     2
Invok: Berserk           |       |     3 |     2 ||     5
  Use: Potion            |       |       |     1 ||     1
 Stab: Sleeping          |     2 |       |       ||     2
       Distracted        |       |     1 |       ||     1
  Eat: Chunk             |    11 |    21 |     2 ||    34
       Bread ration      |     1 |       |       ||     1
Armor: Animal skin       |    34 |   129 |    38 ||   201
       Skin              |       |     2 |       ||     2
Dodge: Dodged            |    63 |   273 |    68 ||   404
